AoeStats
← Roushwant4227

Black Forest

503522411Analyzed
2v2 RM · 1mo ago on Sep 1, 2026· 42m 19s· 4 players
Game mode
Random Map
Map size
Medium (4 player)
Population
200
Speed
Normal
Resources
Standard
Victory
Conquest
Starting age
Dark Age
Ending age
Imperial Age
RankedLock teamsTeams togetherTeam positionsShared explorationLock speedFull tech treeHidden civsTurbo modeCheats
Victory
Defeat
🇪🇸 Celts · Spain
996
+14
🇧🇴 Romans · Bolivia
911
+18
🇲🇽 Japanese · Mexico
975
-41
🇪🇸 Burgundians · Spain
946
-45
sntsalgado
14:34 Feudal Age
13:01 Double-Bit Axe
13:00 Horse Collar
14:06 Gold Mining
22:45 Loom
23:06 Scale Mail Armor
23:12 Scale Barding Armor
23:38 Town Watch
24:29 Wheelbarrow
26:19 Castle Age
ChampiAzul YT
8:56 Loom
12:53 Feudal Age
13:21 Double-Bit Axe
13:19 Horse Collar
18:46 Wheelbarrow
22:16 Castle Age
21:49 Stone Mining
22:04 Gold Mining
22:11 Arson
22:28 Scale Mail Armor
23:41 Squires
24:28 Treadmill Crane
31:18 Forging
32:50 Gambesons
34:02 Guard Tower
35:18 Murder Holes
35:45 Ballistics
37:28 Iron Casting
38:12 Fletching
38:38 Chain Mail Armor
39:52 Padded Archer Armor
39:52 Bodkin Arrow
41:23 Crossbowman
42:11 Thumb Ring
Roushwant4227
5:00 Loom
12:55 Feudal Age
13:20 Double-Bit Axe
13:49 Stone Mining
23:46 Castle Age
21:39 Fletching
24:44 Bodkin Arrow
31:13 Horse Collar
33:29 Heavy Plow
33:46 Bow Saw
34:01 Gold Mining
38:49 Imperial Age
36:48 Forging
36:44 Scale Mail Armor
36:55 Town Watch
38:10 Wheelbarrow
39:12 Heavy Scorpion
41:55 Ballistics
42:35 Chemistry
OLOPACIO
10:46 Feudal Age
11:16 Double-Bit Axe
11:32 Horse Collar
15:25 Wheelbarrow
20:57 Castle Age
21:48 Bow Saw
22:53 Caravan
22:37 Man-at-Arms
23:21 Squires
23:17 Gold Mining
24:01 Long Swordsman
24:52 Heavy Plow
27:52 Gold Shaft Mining
29:49 Forging
29:41 Scale Mail Armor
30:25 Hand Cart
32:42 Ballistas
35:36 Imperial Age
35:48 Legionary
38:02 Heavy Scorpion
40:39 Conscription
Connection lost

Rejoining the realm…

Still unreachable

The connection could not be restored.

Session expired

The server has moved on; the page needs a fresh start.